AoeStats
← Alexspiration

Nomad

507532552Analyzed
4v4 RM · 15d ago on Sep 18, 2026· 34m 34s· 8 players
Game mode
Random Map
Map size
231×231
Population
200
Speed
Normal
Resources
Standard
Victory
Conquest
Starting age
Dark Age
Ending age
Imperial Age
RankedLock teamsTeams togetherTeam positionsShared explorationLock speedFull tech treeHidden civsTurbo modeCheats
Victory
Defeat
🇩🇪 Ethiopians · Germany
1572
+13
🇨🇳 Hindustanis · China
1536
+14
🇨🇳 Britons · China
1516
+15
🇨🇳 Wei · China
1492
+16
🇫🇷 Mongols · France
1504
-15
🇩🇪 Magyars · Germany
1504
-15
🇨🇴 Bulgarians · Colombia
1497
-15
🇩🇪 Huns · Germany
1469
-13
PanicWaller
3:18 Loom
13:25 Feudal Age
17:38 Wheelbarrow
20:16 Castle Age
18:29 Fishing Lines
21:56 Double-Bit Axe
26:04 Town Watch
slay
6:48 Loom
13:28 Feudal Age
14:14 Double-Bit Axe
22:54 Castle Age
21:34 Fishing Lines
24:05 Bow Saw
24:11 Horse Collar
25:35 Wheelbarrow
24:45 Town Watch
26:05 Gillnets
27:31 Medium Warships
29:00 Stone Mining
29:01 Gold Mining
29:16 Fletching
30:00 Bodkin Arrow
30:06 Padded Archer Armor
30:29 Hand Cart
32:55 Bloodlines
34:37 Ballistics
CTMlLOMBANA
5:26 Loom
13:55 Feudal Age
18:45 Castle Age
18:14 Double-Bit Axe
20:15 Scale Barding Armor
20:33 Bloodlines
20:24 Husbandry
20:23 Horse Collar
21:54 Wheelbarrow
22:27 Chain Barding Armor
25:46 Forging
25:58 Heavy Plow
29:55 Bow Saw
30:15 Fletching
37:11 Imperial Age
34:26 Pikeman
35:07 Squires
Alexspiration
4:48 Loom
14:22 Feudal Age
18:59 Stone Mining
22:40 Castle Age
26:44 Castle Age
31:45 Horse Collar
DoubleZX
8:24 Loom
13:24 Feudal Age
17:32 Castle Age
15:58 Double-Bit Axe
20:41 Wheelbarrow
19:52 Town Watch
21:42 Horse Collar
25:28 Bow Saw
25:47 Stone Mining
26:27 Gold Mining
29:54 Heavy Plow
36:20 Imperial Age
34:00 Fletching
35:30 Ballistics
远程OB总指挥
5:17 Loom
13:21 Feudal Age
14:29 Gold Mining
14:29 Double-Bit Axe
19:45 Castle Age
17:42 Fletching
20:33 Bodkin Arrow
20:14 Crossbowman
26:26 Gold Shaft Mining
29:20 Wheelbarrow
29:00 Town Watch
31:49 Bow Saw
35:10 Hand Cart
超级硬邦邦
5:15 Loom
15:45 Feudal Age
18:08 Forging
22:12 Castle Age
21:59 Wheelbarrow
21:20 Horse Collar
22:56 Double-Bit Axe
25:52 Bow Saw
26:05 Medium Warships
28:48 Stone Mining
28:48 Gold Mining
28:48 Stone Mining
30:59 Hand Cart
逸丶然
4:47 Loom
13:59 Feudal Age
14:58 Town Watch
18:24 Castle Age
18:17 Double-Bit Axe
19:26 Horse Collar
21:57 Scale Barding Armor
28:14 Chain Barding Armor
29:16 Bow Saw
29:46 Wheelbarrow
30:39 Heavy Plow
30:30 Gold Mining
30:32 Stone Mining
36:05 Imperial Age
33:46 Tuntian
34:33 Forging
Connection lost

Rejoining the realm…

Still unreachable

The connection could not be restored.

Session expired

The server has moved on; the page needs a fresh start.